Map: Ascension to Aiur LE

Players

Neeb - Winner!

  • Race: Protoss Protoss
  • Spawn Location: 11:00

SortOf

  • Race: Zerg Zerg
  • Spawn Location: 5:00

Event: WCS Valencia 2017

VOD

Have the link to the VOD?

Description

Time

  • Played on: July 13, 2017, 2:17 p.m.
  • Length: 8:22

All games in this series

Show
View Real Time Build Order
Export as new Build Order

Neeb Protoss - Winner!

Build Orders: 1 Gate Expand, Mass Adepts, Zealot Archon 

Get SALT Encoding   

  12  0:00  Probe (Chrono Boost)  
  13  0:11  Probe (Chrono Boost)  
  14  0:17  Pylon  
  14  0:22  Probe (Chrono Boost)  
  15  0:36  Probe (Chrono Boost)  
  15  0:39  Gateway  
  16  0:46  Probe (Chrono Boost)  
  16  0:47  Assimilator  
  18  0:57  Probe (Chrono Boost)  
  18  1:07  Probe (Chrono Boost)  
  19  1:20  Nexus  
  19  1:24  Probe (Chrono Boost)  
  20  1:33  Cybernetics Core  
  20  1:36  Probe (Chrono Boost)  
  21  1:44  Assimilator  
  21  1:47  Probe (Chrono Boost)  
  21  1:51  Pylon  
  22  1:59  Probe (Chrono Boost)  
  23  2:01  Warp Gate  
  23  2:09  Adept (Chrono Boost)  
  23  2:10  Probe  
  26  2:22  Probe  
  27  2:26  Twilight Council  
  27  2:30  Probe  
  27  2:33  Adept (Chrono Boost)  
  27  2:34  Probe  
  31  2:41  Probe  
  32  2:46  Probe  
  33  2:51  Probe  
  33  2:56  Adept (Chrono Boost)  
  36  2:58  Probe  
  36  3:02  Resonating Glaives (Chrono Boost)  
  37  3:13  Gateway  
  37  3:15  Probe  
  37  3:16  Probe, Gateway  
  39  3:22  Adept  
  41  3:28  Probe x2, Pylon  
  43  3:40  Probe x2  
  45  3:49  Nexus  
  45  3:52  Probe  
  45  3:54  Mothership Core  
  48  3:56  Pylon  
  48  4:07  Adept x2  
  48  4:09  Adept  
  54  4:12  Pylon  
  54  4:14  Probe  
  54  4:15  Probe  
  56  4:20  Robotics Facility  
  56  4:30  Adept x3  
  62  4:34  Probe  
  64  4:38  Probe  
  64  4:46  Probe  
  64  4:47  Assimilator  
  64  4:48  Assimilator  
  64  4:50  Probe  
  66  4:58  Probe  
  67  5:00  Probe  
  67  5:02  Probe  
  67  5:04  Sentry x3  
  75  5:10  Probe  
  75  5:11  Probe  
  77  5:15  Pylon  
  77  5:16  Pylon  
  77  5:17  Warp Prism (Chrono Boost)  
  75  5:34  Probe  
  75  5:35  Probe  
  62  5:36  Probe  
  62  5:39  Adept x3  
  62  5:41  Gateway  
  62  5:42  Gateway  
  68  5:45  Probe  
  68  5:46  Forge, Gateway  
  68  5:47  Probe  
  68  5:48  Probe, Pylon  
  71  5:53  Observer (Chrono Boost)  
  71  5:56  Probe  
  72  5:59  Probe  
  72  6:00  Charge (Chrono Boost), Probe  
  75  6:04  Protoss Ground Weapons Level 1 (Chrono Boost)  
  75  6:06  Probe, Adept x3  
  75  6:09  Immortal (Chrono Boost)  
  82  6:13  Probe  
  82  6:14  Probe  
  88  6:26  Zealot  
  88  6:30  Gateway  
  90  6:33  Gateway  
  90  6:34  Gateway  
  92  6:42  Immortal  
  92  6:45  Pylon  
  94  6:49  Gateway  
  94  6:51  Gateway, Templar Archives  
  94  6:55  Zealot x3  
  100  7:10  Photon Cannon  
  100  7:13  Pylon  
  100  7:14  Pylon  
  100  7:17  Pylon, Nexus  
  100  7:28  Zealot x7  
  114  7:34  Pylon  
  114  7:48  High Templar  
  114  7:49  High Templar x5  
  114  7:50  Zealot x3  
  132  7:53  Archon  
  132  7:54  Archon x2  
  132  7:55  Zealot  
  132  8:02  Pylon x3  
  118  8:16  Zealot x5  
Show
View Real Time Build Order
Export as new Build Order

SortOf Zerg 

Build Orders: Hatch First 

Get SALT Encoding   

  12  0:01  Drone  
  13  0:12  Overlord  
  13  0:17  Drone  
  14  0:30  Drone x2  
  16  0:48  Hatchery  
  15  0:52  Drone  
  15  0:55  Drone  
  17  0:58  Drone  
  18  1:09  Extractor  
  17  1:14  Spawning Pool  
  17  1:17  Drone  
  17  1:20  Drone  
  18  1:29  Drone  
  19  1:40  Overlord  
  19  1:52  Drone  
  20  2:01  Queen, Zergling x2  
  22  2:02  Zergling x2  
  22  2:03  Queen  
  26  2:10  Metabolic Boost  
  26  2:15  Drone  
  27  2:17  Drone  
  28  2:25  Drone  
  28  2:26  Drone  
  30  2:35  Drone x2  
  32  2:48  Hatchery  
  31  2:52  Overlord  
  31  2:56  Pneumatized Carapace  
  31  3:00  Drone  
  31  3:01  Drone  
  33  3:06  Drone x2  
  33  3:09  Drone  
  33  3:11  Drone  
  33  3:12  Drone  
  38  3:16  Drone  
  38  3:17  Drone  
  40  3:23  Overlord  
  40  3:26  Drone x2  
  42  3:31  Queen  
  44  3:42  Drone x3  
  44  3:44  Evolution Chamber, Drone  
  44  3:48  Drone  
  48  3:57  Baneling Nest  
  48  3:59  Drone  
  48  4:00  Drone x3  
  51  4:07  Queen  
  53  4:11  Zergling x8  
  53  4:14  Zerg Melee Weapons Level 1  
  57  4:20  Overlord  
  57  4:24  Overlord  
  57  4:27  Overlord  
  57  4:37  Queen x2, Zergling x2  
  62  4:40  Zergling x2  
  62  4:41  Zergling x6  
  62  4:43  Baneling x3  
  66  4:48  Zergling x14  
  67  5:01  Zergling x10  
  67  5:06  Baneling x3  
  67  5:07  Baneling  
  70  5:12  Zergling x4  
  70  5:13  Zergling x2  
  69  5:33  Drone x6  
  69  5:34  Drone  
  71  5:36  Hatchery  
  71  5:40  Lair  
  71  5:42  Extractor  
  69  5:45  Extractor, Drone x2  
  69  5:47  Drone x2  
  72  5:52  Drone x2  
  74  5:58  Overlord  
  74  6:02  Overlord  
  74  6:10  Overlord  
  74  6:13  Overlord  
  74  6:16  Drone x6  
  80  6:18  Drone  
  80  6:24  Drone  
  80  6:25  Drone  
  83  6:27  Drone x3  
  83  6:31  Drone  
  87  6:36  Overlord  
  87  6:37  Drone x3  
  87  6:39  Hatchery  
  87  6:42  Extractor, Hydralisk Den  
  87  6:45  Extractor x2, Drone x2  
  87  6:46  Drone x3  
  87  6:53  Centrifical Hooks  
  87  7:02  Overseer  
  87  7:04  Zergling x2  
  87  7:05  Zergling x12  
  87  7:08  Overlord  
  94  7:13  Drone x2  
  96  7:17  Overlord  
  95  7:24  Drone x2  
  95  7:25  Drone x2  
  95  7:29  Overlord  
  97  7:30  Overlord  
  97  7:33  Spore Crawler  
  96  7:39  Hydralisk x4  
  96  7:40  Hydralisk  
  96  7:44  Hydralisk x2  
  105  7:51  Baneling x8  
  109  7:53  Hydralisk  
  109  7:55  Zergling x8  
  109  7:57  Baneling x2  
  115  8:01  Zergling x2  
  115  8:02  Zergling x4  
Tags
 
Add a new tag
Caveats
  • Supply blocks, unpowered buildings, or Contaminate may cause inaccurate times.
  • Supply counts are checked every 10 seconds.